 Dungeon Crawl Stone Soup version 0.19.5 (webtiles) character file.

1780 theElss the Thaumaturge (level 8, -3/64 HPs)
             Began as a Deep Elf Conjurer on May 9, 2017.
             Killed from afar by an orc wizard (9 damage)
             ... with a magic dart
             ... on level 6 of the Dungeon.
             The game lasted 00:26:09 (6053 turns).

theElss the Thaumaturge (Deep Elf Conjurer)         Turns: 6053, Time: 00:26:09

Health: -3/64      AC:  6    Str: 10    XL:     8   Next: 81%
Magic:  6/24       EV: 14    Int: 29    God:
Gold:   253        SH:  4    Dex: 15    Spells: 4 memorised, 15 levels left

rFire  . . .     SeeInvis .     g - +0 short sword
rCold  . . .     Gourm    .     a - +0 robe
rNeg   + . .     Faith    .     (no shield)
rPois  .         Spirit   .     (no helmet)
rElec  .         Reflect  +     y - +2 cloak
rCorr  .         Harm     .     F - +0 pair of gloves
MR     .....                    (no boots)
Stlth  ..........               C - +4 amulet of reflection
                                u - +6 ring of intelligence
                                t - ring of positive energy

@: berserking, very quick
A: no striking features
a: no special abilities


You were on level 6 of the Dungeon.
You were not hungry.

You visited 1 branch of the dungeon, and saw 6 of its levels.
You also visited: Ossuary.

You collected 253 gold pieces.

Inventory:

Hand Weapons
 g - a +0 short sword (weapon)
Armour
 a - a +0 robe (worn)
 y - a +2 cloak (worn)
 F - a +0 pair of gloves (worn)
Jewellery
 t - a ring of positive energy (left hand)
 u - a +6 ring of intelligence (right hand)
 w - an uncursed ring of fire
 C - a +4 amulet of reflection (around neck)
 G - an uncursed ring of poison resistance {unknown}
Wands
 e - a wand of flame (16/48)
Scrolls
 d - a scroll of blinking {unknown}
 f - 2 scrolls of fear {unknown}
 h - 8 scrolls of remove curse {unknown}
 j - 2 scrolls of fog {unknown}
 l - 8 scrolls of identify {unknown}
 v - 3 scrolls of teleportation {unknown}
 z - a scroll of immolation {unknown}
 A - a scroll of amnesia {unknown}
 H - a scroll of recharging {unknown}
 I - a scroll of enchant armour {unknown}
 K - a scroll of enchant weapon {unknown}
Potions
 k - 3 potions of curing
 o - a potion of might {unknown}
 p - a potion of berserk rage
 q - a potion of haste {unknown}
 r - a potion of agility {unknown}
 s - 2 potions of lignification {unknown}
 x - 2 potions of resistance {unknown}
 B - a potion of brilliance {unknown}
 D - a potion of mutation {unknown}
 E - a potion of invisibility {unknown}
Books
 b - a book of Conjurations

   Spells                             Type                      Level
   a - Magic Dart                     Conjuration                  1
   b - Searing Ray                    Conjuration                  2
   c - Dazzling Spray                 Conjuration/Hexes            3
   d - Fulminant Prism                Conjuration/Hexes            4
   e - Iskenderun's Mystic Blast      Conjuration                  4
   f - Iskenderun's Battlesphere      Conjuration/Charms           5
Comestibles
 c - 4 bread rations
 i - 2 royal jellies
 m - 2 meat rations
 n - 2 fruits
 J - a chunk of flesh


   Skills:
 + Level 1.0 Fighting
 + Level 4.3 Dodging
 - Level 2.4 Stealth
 + Level 10.1 Spellcasting
 + Level 9.7 Conjurations


You had 15 spell levels left.
You knew the following spells:

 Your Spells              Type           Power        Failure   Level  Hunger
a - Magic Dart            Conj           ####         1%          1    None
b - Iskenderun's Battles  Conj/Chrm      #####...     17%         5    ###....
c - Searing Ray           Conj           ######       1%          2    None
d - Iskenderun's Mystic   Conj           ######..     1%          4    None


Dungeon Overview and Level Annotations

Branches:
Dungeon (6/15)
 Temple: D:4-7

Altars:
Ashenzari
Cheibriados
Zin

Annotations:
D:2 Robin, Sigmund
D:5 Dowan, Duvessa


Message History

The magic dart hits you!
* * * LOW HITPOINT WARNING * * *
You closely miss the orc wizard.
The orc wizard is moderately wounded.
The orc wizard hits you but does no damage.
You barely miss the orc wizard.
The orc wizard is moderately wounded.
The orc wizard mumbles some strange words.
The orc wizard blinks!
The orc wizard mumbles some strange words.
The orc wizard blinks!
Unknown command.
You closely miss the ball python. The ball python barely misses you. x2
You puncture the ball python!
You kill the ball python!
You puncture the orc!
You kill the orc!
The orc wizard gestures at you while chanting.
The magic dart hits you!
You die...

##### #...## .###.##
#####.###
##......########
......#..o.....#####
[#.#.#########..@).#
#....# #####.#
#.##.# #.).....#
#.##.# #o###....
.....# ... ## #.####
).. #.# #...# #.#
#.... #.### #....


You could see an orc wizard.

Vanquished Creatures
  The ghost of manyhoops the Insei, an amateur OpTm (D:4)
  Edmund (D:6)
  An orc warrior (D:6)
  A sky beast (D:4)
  An ice beast (D:5)
  A black bear (D:6)
  A phantom (D:4)
  2 ogres
  A centaur (D:5)
  A jelly (D:6)
  3 killer bees
  An iron imp (D:6)
  3 orc wizards
  2 bullfrog skeletons
  A hound (D:5)
  2 iguanas
  Natasha (thrice) (D:4)
  3 worker ants (D:4)
  A killer bee zombie (D:6)
  A hound skeleton (D:6)
  6 gnolls
  A shadow imp (D:6)
  2 oozes
  An adder zombie (Ossuary)
  A worm (D:6)
  5 dart slugs
  A leopard gecko (D:1)
  5 orcs
  4 ball pythons
  6 giant cockroaches
  10 goblins
  8 hobgoblins
  7 jackals
  3 quokkas
  17 bats
  5 frilled lizards
  A goblin zombie (Ossuary)
  9 kobolds
  A kobold zombie (Ossuary)
  A leopard gecko skeleton (D:4)
  An orc zombie (Ossuary)
  4 rats
130 creatures vanquished.

Notes
Turn   | Place    | Note
-------+----------+-------------------------------------------
     0 | D:1      | theElss the Deep Elf Conjurer began the quest for the Orb.
     0 | D:1      | Reached XP level 1. HP: 10/10 MP: 6/6
   225 | D:1      | Reached XP level 2. HP: 10/15 MP: 2/8
   326 | D:1      | Learned a level 2 spell: Searing Ray
   392 | D:1      | Reached skill level 5 in Conjurations
   734 | D:1      | Reached XP level 3. HP: 19/19 MP: 6/9
  1670 | D:2      | Reached XP level 4. HP: 24/24 MP: 8/11
  1672 | D:2      | Noticed Robin
  1779 | D:2      | Noticed Sigmund
  1855 | D:3      | Found a faded altar of an unknown god.
  1930 | D:3      | Found a glowing silver altar of Zin.
  2036 | D:3      | Reached skill level 4 in Spellcasting
  2072 | D:3      | Found a shattered altar of Ashenzari.
  2430 | D:3      | Learned a level 4 spell: Iskenderun's Mystic Blast
  2469 | D:4      | Noticed manyhoops's ghost (amateur OpTm)
  2474 | D:4      | Noticed an ogre
  2597 | D:4      | Killed manyhoops's ghost
  2597 | D:4      | Reached skill level 5 in Spellcasting
  2597 | D:4      | Reached XP level 5. HP: 16/28 MP: 9/15
  2604 | D:4      | Learned a level 5 spell: Iskenderun's Battlesphere
  2685 | D:4      | Killed an ogre
  2685 | D:4      | Reached skill level 6 in Spellcasting
  2685 | D:4      | Reached XP level 6. HP: 28/32 MP: 3/17
  3019 | D:4      | Found a sand-covered staircase.
  3024 | Ossuary  | Entered an ossuary
  3301 | D:4      | Noticed Natasha
  3486 | D:4      | Reached skill level 7 in Spellcasting
  3486 | D:4      | Reached XP level 7. HP: 36/36 MP: 10/19
  3892 | D:5      | Entered Level 5 of the Dungeon
  4003 | D:3      | HP: 1/36 [poisoned by a killer bee]
  4313 | D:4      | Killed Natasha
  4604 | D:5      | Noticed Duvessa
  4622 | D:5      | Reached skill level 8 in Spellcasting
  4635 | D:4      | Noticed Natasha
  4636 | D:4      | Killed Natasha
  4678 | D:4      | Noticed Natasha
  4678 | D:4      | Killed Natasha
  4767 | D:5      | Reached XP level 8. HP: 34/41 MP: 13/22
  5024 | D:5      | Reached skill level 9 in Spellcasting
  5150 | D:5      | Noticed Dowan
  5463 | D:6      | Noticed Edmund
  5466 | D:6      | Killed Edmund
  5810 | D:6      | Found a snail-covered altar of Cheibriados.
  6041 | D:6      | Reached skill level 10 in Spellcasting
  6043 | D:6      | Reached skill level 1 in Fighting
  6053 | D:6      | Killed from afar by an orc wizard

Skill      XL: |  1  2  3  4  5  6  7  8 |
---------------+-------------------------+-----
Conjurations   | 5 6 7 8 9 |  9.7
Spellcasting   | 5 6 7 8 10 | 10.1
Dodging        | 3 4 |  4.3
Fighting       | 1 |  1.0
Stealth        | |  2.4

Action                   |  1- 3 |  4- 6 |  7- 9 || total
-------------------------+-------+-------+-------++-------
Melee: Short sword       |       |     1 |     7 ||     8
 Cast: Magic Dart        |    96 |    60 |    45 ||   201
       Searing Ray       |       |     9 |    10 ||    19
       Iskenderun's Myst |       |     8 |    31 ||    39
Evoke: Wand              |       |       |     1 ||     1
  Use: Potion            |       |       |     1 ||     1
  Eat: Chunk             |     2 |     5 |     7 ||    14
       Fruit             |       |       |     3 ||     3
Armor: Robe              |     7 |     6 |     9 ||    22
Dodge: Dodged            |    15 |    16 |    24 ||    55
